 Dungeon Crawl Stone Soup version 0.31-a0-640-g39d97e502b (webtiles) character file.

Game seed: 2952719390855724167

14 inmateoo the Twirler (level 2, 0/20 HPs)
             Began as a Gnoll Wanderer on Aug 27, 2023.
             Killed from afar by an oklob sapling (20 damage)
             ... with a splash of acid
             ... on level 4 of the Dungeon.
             The game lasted 00:01:45 (589 turns).

inmateoo the Twirler (Gnoll Wanderer)                Turns: 589, Time: 00:01:46

Health: 0/20       AC:  3    Str: 13    XL:     2   Next: 41%
Magic:  3/3        EV: 11    Int: 10    God:
Gold:   57         SH:  0    Dex: 10    Spells: 1/1 levels left

rFire   . . .        j - +2 long sword (protect)
rCold   . . .        (no shield)
rNeg    + . .        f - +0 leather armour
rPois   .            (no helmet)
rElec   .            (no cloak)
rCorr   .            (no gloves)
SInv    .            (no boots)
Will    .....        r - amulet of the acrobat
Stlth   +            k - ring of positive energy
HPRegen 0.23/turn    (no ring)
MPRegen 0.08/turn

%: acrobat
@: no status effects
A: fangs 1, strong nose, distributed training
a: no special abilities


You were on level 4 of the Dungeon.
You visited 1 branch of the dungeon, and saw 4 of its levels.

You collected 57 gold pieces.

Inventory:

Hand Weapons
 a - a +2 hand axe
 b - a +0 quarterstaff
 j - a +2 long sword of protection (weapon)
Missiles
 c - 9 poisoned darts (quivered)
Armour
 f - a +0 leather armour (worn)
 s - a +0 chain mail of cold resistance
Magical Staves
 g - a staff of earth
Jewellery
 k - a ring of positive energy (left hand)
 r - an amulet of the acrobat (around neck)
Scrolls
 d - 2 scrolls of teleportation {unknown}
 e - 2 scrolls of fog
 l - a scroll of enchant armour {unknown}
 o - 2 scrolls of blinking {unknown}
 p - a scroll of identify {unknown}
Potions
 h - a potion of might {unknown}
 i - a potion of lignification {unknown}
 m - 2 potions of mutation {unknown}
 n - a potion of heal wounds {unknown}
 q - a potion of attraction {unknown}


   Skills:
 + Level 0.4 Fighting
 + Level 0.4 Short Blades
 + Level 0.4 Long Blades
 + Level 4.5 Axes
 + Level 0.4 Maces & Flails
 + Level 0.4 Polearms
 + Level 6.5 Staves
 + Level 0.4 Ranged Weapons
 + Level 4.5 Throwing
 + Level 2.5 Armour
 + Level 0.4 Dodging
 + Level 0.4 Stealth
 + Level 0.4 Shields
 + Level 0.4 Unarmed Combat
 + Level 0.4 Spellcasting
 + Level 0.2 Conjurations
 + Level 0.2 Hexes
 + Level 0.2 Summonings
 + Level 0.2 Necromancy
 + Level 0.2 Translocations
 + Level 0.2 Transmutations
 + Level 0.2 Fire Magic
 + Level 0.2 Ice Magic
 + Level 0.2 Air Magic
 + Level 0.2 Earth Magic
 + Level 0.2 Poison Magic
 + Level 2.5 Invocations
 + Level 2.5 Evocations
 + Level 0.3 Shapeshifting


You had one spell level left.
You didn't know any spells.
Your spell library contained the following spells:

 Spells                   Type           Power      Damage    Failure   Level
 Freeze                   Ice            0%         1d3       38%         1
 Frozen Ramparts          Ice            0%         1d1       77%         3
 Hailstorm                Conj/Ice       0%         3d3       77%         3


Dungeon Overview and Level Annotations

Branches:
Dungeon (4/15)             Temple (0/1) D:4

Altars:

Annotations:
D:4 exclusion: oklob sapling


Innate Abilities, Weirdness & Mutations

You have very sharp teeth.
Your uncanny sense of smell can sniff out nearby items.
Your experience applies equally to all skills.


Message History

The quokka closely misses you. The quokka barely misses you.
You barely miss the quokka.
The quokka is moderately wounded.
The quokka bites you but does no damage. x2
You slash the quokka!
Your weapon exudes an aura of protection.
You kill the quokka!
You open the door.
There is an open door here.
You open the door.
Found a book of Frost.
Found an escape hatch in the floor.
Found a runed chain mail and 6 stones.
Found a stone staircase leading down.
There is an open door here.
Found a stone staircase leading down.
You pick up a book of Frost and begin reading...
You add the spells Freeze, Frozen Ramparts and Hailstorm to your library.
You see here a +0 chain mail of cold resistance.
s - a +0 chain mail of cold resistance
There is an escape hatch in the floor here.
There is an escape hatch in the floor here.
There is a stone staircase leading down here.
There is a stone staircase leading down here.
You climb downwards.
Marking area around an oklob sapling as unsafe for travelling.
Found four items.
Found a staircase to the Ecumenical Temple.
There is a stone staircase leading up here.
You hit the plant.
The plant begins to die.
The plant is lightly damaged.
You slash the plant!
The plant is lightly damaged.
You slash the plant!
The plant is lightly damaged.
A nearby plant withers and dies.
Found a stone staircase leading up.
There is a staircase to the Ecumenical Temple here.
The oklob sapling spits acid at you. The splash of acid hits you!!
Ouch! That really hurt!
You die...

.. ......# ...
"......
#$.######.......
.......$.......#
.....)..<......#
.?...P.JPP.....#
.##...P.P.P....#
#..#PP.PPPP....
#$ #.P.@PPP....
#....PP.PP....#
..<..P.PPP.P####
#####....P..#
#######.# .# #


You could see an oklob sapling and an endoplasm.

Vanquished Creatures
  3 ball pythons (D:1)
  2 bats (D:2)
  An endoplasm (D:1)
  2 giant cockroaches
  A quokka (D:3)
  2 frilled lizards
  A kobold (D:2)
  2 rats
14 creatures vanquished.

Notes
Turn   | Place    | Note
-------+----------+-------------------------------------------
     0 | D:1      | inmateoo the Gnoll Wanderer began the quest for the Orb.
     0 | D:1      | inmateoo set off with the following items: a +2 hand axe, a
                  | +0 quarterstaff, 9 poisoned darts, a +0 dagger, a scroll of
                  | fog, a +0 leather armour.
     0 | D:1      | Reached XP level 1. HP: 13/13 MP: 2/2
   247 | D:1      | Reached XP level 2. HP: 19/19 MP: 3/3
   362 | D:2      | Found a faded altar of an unknown god.
   581 | D:4      | Noticed an oklob sapling
   581 | D:4      | Found a staircase to the Ecumenical Temple.
   589 | D:4      | Killed from afar by an oklob sapling

Illustrated notes

Levels and vault maps discovered:
D:1:      dpeg_arrival_radiant, layout_rooms, corner_web_ring
D:2:      layout_basic, basic_ecumenical_altar, kennysheep_generic_room_2
D:3:      layout_basic, nicolae_overflow_hidden_temple, uniq_jessica,
          uniq_terence
D:4:      layout_rooms, mainiacjoe_overflow_boulevard,
          minmay_temple_entry_oklob, hangedman_abyss_or_decor_stabs,
          uniq_crazy_yiuf_cottage

Action                     || total
---------------------------++-------
  Melee: Long sword        ||    37
         Hand axe          ||     6
         Bite              ||     4
 Armour: Leather armour    ||    24
  Dodge: Dodged            ||    33

Table legend: (Time is in decaauts)
 A = Elapsed time spent in this place.
 B = Non-inter-level travel time spent in this place.
 C = Inter-level travel time spent in this place.
 D = Time resting spent in this place.
 E = Time spent auto-exploring this place.
 F = Levels seen in this place.
 G = Mean time per level.
                   A        B        C        D        E       F      G
               +--------+--------+--------+--------+--------+-----+--------+
         Total |    601 |    601 |      0 |      0 |    169 |   4 |  150.2 |
       Dungeon |    601 |    601 |      0 |      0 |    169 |   4 |  150.2 |
               +--------+--------+--------+--------+--------+-----+--------+

Top non-repeatable levels by time:
     D:1: 286 daAuts
     D:2: 194 daAuts
     D:3: 112 daAuts
     D:4: 8 daAuts
